 Dungeon Crawl Stone Soup version bcrawl-1.27.3 (webtiles) character file.

Game seed: 9836932928674062679

110355 MisterOstroum the Stinger (level 4, -2/33 HPs)
             Began as a Merfolk Wanderer on Sept 6, 2020.
             Slain by a bullfrog skeleton (9 damage)
             ... on level 2 of the Dungeon on Sept 7, 2020.
             The game lasted 00:05:28 (1836 turns).

MisterOstroum the Stinger (Merfolk Wanderer)        Turns: 1836, Time: 00:05:29

Health: -2/33      AC:  3    Str: 11    XL:     4   Next: 6%
Magic:  2/7        EV: 11    Int: 11    God:
Gold:   83         SH:  0    Dex: 15    Spells: 4/7 levels left

rFire    . . .     SeeInvis .   a - +0 dagger
rCold    . . .     Gourm    .   (no shield)
rNeg     . . .     Faith    .   d - +0 robe
rPois    .         Spirit   .   g - +0 helmet
rElec    .         Reflect  .   (no cloak)
rCorr    .         Harm     .   (no gloves)
MR       .....                  (no boots)
Stlth    +.........             (no amulet)
HPRegen  0.11/turn              (no ring)
MPRegen  0.10/turn              (no ring)

@: very slightly contaminated
A: change form in water, swift swim, stealthy swim
a: no special abilities


You were on level 2 of the Dungeon.
You were not hungry.

You visited 1 branch of the dungeon, and saw 2 of its levels.

You collected 83 gold pieces.

Inventory:

Hand Weapons
 a - a +0 dagger (weapon)
Missiles
 b - 612 stones (quivered)
 c - 242 bolts
Armour
 d - a +0 robe (worn)
 g - a +0 helmet (worn)
 k - a +0 leather armour
Scrolls
 l - a scroll of enchant armour {unknown}
 m - a scroll of immolation {unknown}
Potions
 h - 2 potions of heal wounds {unknown}
 i - a potion of brilliance
 j - a potion of might {@q3 !q}
Comestibles
 e - 3 rations {!d}
 f - 2 chunks of flesh


   Skills:
 - Level 2.0 Fighting
   Level 2.0 Shields
 - Level 2.0 Spellcasting
 - Level 1.0 Conjurations
   Level 1.0 Summonings
 + Level 2.0 Air Magic
   Level 1.5 Earth Magic
 * Level 2.6 Poison Magic


You had 4 spell levels left.
You knew the following spells:

 Your Spells              Type           Power        Failure   Level  Hunger
a - Sting                 Conj/Pois      #...         14%         1    None
b - Poisonous Vapours     Pois/Air       #.....       17%         2    ##.....

Your spell library contained the following spells:

 Spells                   Type           Power        Failure   Level  Hunger
 Sandblast                Erth           #.....       16%         1    None
 Summon Small Mammal      Summ           #...         19%         1    None
 Call Imp                 Summ           #.....       28%         2    ##.....
 Passwall                 Tmut/Erth      #.......     32%         2    ##.....
 Stone Arrow              Conj/Erth      #.....       45%         3    ####...
 Call Canine Familiar     Summ           #.......     50%         3    ####...
 Ignite Poison            Fire/Tmut/Pois #.......     52%         3    ####...
 Olgreb's Toxic Radiance  Pois           #........    69%         4    ######.
 Summon Scorpions         Summ/Pois      #.......     80%         4    ######.
 Petrify                  Tmut/Erth      #.........   91%         4    ######.
 Summon Ice Beast         Ice/Summ       #.......     93%         4    ######.
 Venom Bolt               Conj/Pois      #.........   98%         5    #######
 Lee's Rapid Deconstruct  Erth           #.........   99%         5    #######
 Summon Lightning Spire   Summ/Air       #.......     99%         5    #######


Dungeon Overview and Level Annotations

Branches:
Dungeon (2/12)

Altars:


Message History

Aiming: Sting (safe; 14% risk of failure)
Press: ? - help, Shift-Dir - straight line, f - kobold
Aim: a kobold The sting hits the kobold.
The kobold is poisoned.
The kobold is moderately wounded.
Casting: Sting (safe; 14% risk of failure)
Confirm with . or Enter, or press ? or * to list all spells.
Aiming: Sting (safe; 14% risk of failure)
Press: ? - help, Shift-Dir - straight line, f/p - kobold
Aim: a kobold (severely wounded, poisoned)
The sting misses the kobold.
You kill the kobold!
Some of the chunks of flesh in your inventory have rotted away.
Casting: Sting (safe; 14% risk of failure)
Confirm with . or Enter, or press ? or * to list all spells.
You can't see any susceptible monsters within range! (Use Z to cast anyway.)
You butcher the giant cockroach corpse.
f - 5 chunks of flesh (gained 1)
h - 2 yellow potions (gained 1)
A kobold and a skeleton come into view.
There are monsters nearby!
There are monsters nearby!
Some of the chunks of flesh in your inventory have rotted away.
Okay, then.
Unknown command.
Unknown command.
You hit the bullfrog skeleton.
The bullfrog skeleton is lightly damaged.
The bullfrog skeleton completely misses you.
You hit the bullfrog skeleton.
The bullfrog skeleton is moderately damaged.
The bullfrog skeleton hits you.
You hit the bullfrog skeleton.
The bullfrog skeleton is heavily damaged.
The bullfrog skeleton hits you.
Wield which item (- for none, * to show all)? (? for menu, Esc to quit)
Okay, then.
You hit the bullfrog skeleton.
The bullfrog skeleton is heavily damaged.
The bullfrog skeleton misses you. The bullfrog skeleton hits you!
You barely miss the bullfrog skeleton.
The bullfrog skeleton is heavily damaged.
You hit the kobold.
The kobold is severely wounded.
The kobold misses you.
The kobold throws a stone.
The stone hits you but does no damage.
The kobold throws a stone.
The stone hits you.
There is a stone staircase leading down here.
A worm comes into view.
Casting: Sting (safe; 14% risk of failure)
Confirm with . or Enter, or press ? or * to list all spells.
Aiming: Sting (safe; 14% risk of failure)
Press: ? - help, Shift-Dir - straight line, f - worm
Aim: a worm The sting hits the worm.
The worm is poisoned.
The worm is lightly wounded.
Casting: Sting (safe; 14% risk of failure)
Confirm with . or Enter, or press ? or * to list all spells.
Aiming: Sting (safe; 14% risk of failure)
Press: ? - help, Shift-Dir - straight line, f/p - worm
Aim: a worm (lightly wounded, poisoned)
The sting hits the worm.
The worm looks more poisoned.
The worm is lightly wounded.
Casting: Sting (safe; 14% risk of failure)
Confirm with . or Enter, or press ? or * to list all spells.
Aiming: Sting (safe; 14% risk of failure)
Press: ? - help, Shift-Dir - straight line, f/p - worm
Aim: a worm (lightly wounded, poisoned)
You miscast Sting.
You are very lightly contaminated with residual magic.
Your hair stands on end.
The worm bites you.
Casting: Sting (safe; 14% risk of failure)
Confirm with . or Enter, or press ? or * to list all spells.
Aiming: Poisonous Vapours (safe; 17% risk of failure)
Press: ? - help, Dir - move target cursor, f/p - worm
Aim: a worm (lightly wounded, poisoned) Poisonous vapours appear!
The kobold hits you.
Casting: Poisonous Vapours (safe; 17% risk of failure)
Confirm with . or Enter, or press ? or * to list all spells.
Aiming: Sting (safe; 14% risk of failure)
Press: ? - help, Shift-Dir - straight line, f/p - worm
Aim: a worm (lightly wounded, poisoned)
Okay, then.
Unknown command.
You hit the kobold.
The kobold is severely wounded.
The kobold hits you. The worm bites you.
You hit the kobold.
You kill the kobold!
The bullfrog skeleton hits you but does no damage.
You hit the bullfrog skeleton.
The bullfrog skeleton is heavily damaged.
The bullfrog skeleton hits you!
* * * LOW HITPOINT WARNING * * *
The worm barely misses you.
You hit the bullfrog skeleton.
The bullfrog skeleton is heavily damaged.
The bullfrog skeleton hits you!
You die...

#.#.# #### #.#.# #.. ###########
#.#.####.#
..........##########......#.#####
#####............................
#####.###†###.######.#.#..#.#####
......# #.###.# #.#.#..#÷#
#####.# #.....######.#.#..#)# #
#.# #####..Z@w.)......#.# # #.#
#.######.#.#.##.# # #.# #.#
#.#.#.##.#####
#####.#######.######.#...........
.....>...KZ...........÷..........
.....................###.###.###.
#.###########.##.##### #.###.###.
#.# ....... .......... #.#
.###.### ##.###.##..


You could see a worm and a bullfrog skeleton.

Vanquished Creatures
  A worm (D:2)
  A dart slug (D:1)
  3 leopard geckos (D:1)
  An orc (D:2)
  3 giant cockroaches
  6 hobgoblins
  7 jackals
  A quokka (D:1)
  A ball python (D:1)
  2 bats (D:1)
  2 frilled lizards (D:1)
  6 goblins
  6 kobolds
  8 rats
48 creatures vanquished.

Vanquished Creatures (others)
  An elf (D:1)
  2 formicids (D:1)
  A naga (D:1)
  2 centaurs (D:1)
  3 mummies (D:1)
  An orc (D:1)
  2 kobolds (D:1)
  5 tentacles (D:1)
17 creatures vanquished.

Grand Total: 65 creatures vanquished

Notes
Turn   | Place    | Note
-------+----------+-------------------------------------------
     0 | D:1      | MisterOstroum the Merfolk Wanderer began the quest for the
                  | Orb.
     0 | D:1      | MisterOstroum set off with the following items: a +0
                  | dagger, a +0 robe, a ration {!d}; and the following spells
                  | available to memorise: Sandblast, Summon Small Mammal,
                  | Sting, Call Imp, Passwall, Poisonous Vapours, Stone Arrow,
                  | Call Canine Familiar, Ignite Poison, Petrify, Summon Ice
                  | Beast, Summon Scorpions, Olgreb's Toxic Radiance, Lee's
                  | Rapid Deconstruction, Summon Lightning Spire, Venom Bolt
     0 | D:1      | Reached XP level 1. HP: 13/13 MP: 3/3
     0 | D:1      | Noticed a naga
     0 | D:1      | Noticed a centaur
     0 | D:1      | Noticed an elf
     0 | D:1      | Noticed a centaur
     0 | D:1      | Noticed a kraken
     0 | D:1      | Noticed a formicid
     0 | D:1      | Noticed a formicid
     5 | D:1      | Killed a centaur
     6 | D:1      | Killed a naga
     6 | D:1      | Killed a centaur
     6 | D:1      | Killed an elf
     7 | D:1      | Killed a formicid
     9 | D:1      | Killed a formicid
   117 | D:1      | Reached skill level 1 in Fighting
   160 | D:1      | Learned a level 1 spell: Sting
   268 | D:1      | Reached XP level 2. HP: 21/21 MP: 3/5
   272 | D:1      | Learned a level 2 spell: Poisonous Vapours
   371 | D:1      | Reached skill level 1 in Poison Magic
   914 | D:1      | Reached XP level 3. HP: 27/27 MP: 4/6
  1731 | D:2      | Reached XP level 4. HP: 33/33 MP: 5/7
  1836 | D:2      | Slain by a bullfrog skeleton

Skill      XL: |  1  2  3 |
---------------+----------+-----
Fighting       | 1 2 |  2.0
Poison Magic   | 1 2 |  2.6
Air Magic      | 2 |  2.0
Shields        | |  2.0
Spellcasting   | |  2.0
Conjurations   | |  1.0
Summonings     | |  1.0
Earth Magic    | |  1.5

Action                   |  1- 3 |  4- 6 || total
-------------------------+-------+-------++-------
Melee: Dagger            |    78 |    10 ||    88
Throw: Stone             |     2 |       ||     2
 Cast: Sting             |    38 |     4 ||    42
       Poisonous Vapours |    20 |     1 ||    21
  Use: Scroll            |     2 |       ||     2
  Eat: Chunk             |     7 |     1 ||     8
Armor: Robe              |    22 |     2 ||    24
Dodge: Dodged            |    62 |     4 ||    66
